 Dungeon Crawl Stone Soup version 0.30-a0-737-gf23d94013f (webtiles) character file.

Game seed: 4075592138061921303

157 IdlyInterested the Cutter (level 5, 0/41 HPs)
             Began as a Demonspawn Fighter on Jan 31, 2023.
             Shot with an arrow by a centaur (7 damage)
             ... on level 4 of the Dungeon on Feb 2, 2023.
             The game lasted 00:10:15 (2321 turns).

IdlyInterested the Cutter (Demonspawn Fighter)      Turns: 2321, Time: 00:10:15

Health: 0/41       AC:  7    Str: 16    XL:     5   Next: 15%
Magic:  5/5        EV: 11    Int: 10    God:
Gold:   148        SH:  0    Dex: 14    Spells: 4/4 levels left

rFire   . . .      SeeInvis .    a - +0 rapier
rCold   . . .      Faith    .    c - +0 buckler
rNeg    . . .      Spirit   .    b - +0 scale mail
rPois   .          Reflect  .    m - +0 helmet
rElec   .          Harm     .    (no cloak)
rCorr   .          Rampage  .    (no gloves)
Will    .....                    (no boots) Stlth
                                 f - amulet of magic regeneration
HPRegen 0.26/turn                (no ring)
MPRegen 0.49/turn                (no ring)

@: confused, mighty
A: hooves 1, repulsion field 1
a: no special abilities


You were on level 4 of the Dungeon.
You visited 1 branch of the dungeon, and saw 4 of its levels.

You collected 148 gold pieces.

Inventory:

Hand Weapons
 a - a +0 rapier (weapon)
 o - a +0 rapier
Missiles
 e - a boomerang (quivered)
 q - 22 stones
 t - 3 javelins
Armour
 b - a +0 scale mail (worn)
 c - a +0 buckler (worn)
 m - a +0 helmet (worn)
 u - a +0 ring mail
Jewellery
 f - an amulet of magic regeneration (around neck)
 h - a ring of wizardry
 v - a ring of wizardry
Wands
 s - a wand of polymorph (7)
Scrolls
 g - 3 scrolls of fear
 j - a scroll of teleportation
Potions
 i - a potion of haste {unknown}
 k - a potion of lignification {unknown}
 p - a potion of heal wounds {unknown}
 r - a potion of invisibility {unknown}


   Skills:
 - Level 3.0 Fighting
 + Level 3.6 Short Blades
 - Level 1.0 Throwing
 - Level 2.6 Armour
 - Level 2.0 Dodging
 * Level 1.3 Stealth
 - Level 2.6 Shields
 - Level 1.0 Evocations


You had 4 spell levels left.
You didn't know any spells.
Your spell library contained the following spells:

 Spells                   Type           Power      Damage    Failure   Level
 Gell's Gravitas          Tloc           0%         N/A       99%         3
 Ignite Poison            Fire/Tmut/Pois 0%         N/A       99%         3
 Teleport Other           Tloc           0%         N/A       99%         3
 Sticky Flame             Conj/Fire      0%         2d3       100%        4
 Dispersal                Tloc           0%         N/A       100%        6
 Ignition                 Fire           0%         3d3       100%        8


Dungeon Overview and Level Annotations

Branches:
Dungeon (4/15)
 Temple: D:4-7

Altars:
Uskayaw

Annotations:
D:4 Sigmund


Innate Abilities, Weirdness & Mutations

You have large cloven feet.
You are surrounded by a mild repulsion field. (EV +2)


Message History

Things that are here:
a +0 falchion; a +0 ring mail
Found a dagger.
A centaur comes into view.
The centaur shouts!
The centaur wields a +0 shortbow.
The centaur shoots an arrow.
The arrow hits you.
Sigmund's eyes start glowing with a red light.
Sigmund gestures at you while chanting. You resist with some effort.
Found an escape hatch in the ceiling.
The centaur shoots an arrow.
You block the arrow.
The centaur shoots an arrow.
The arrow hits you!
Sigmund hits you from afar with a +0 scythe.
The centaur shoots an arrow.
The arrow hits you.
You feel very mighty all of a sudden.
The centaur shoots an arrow.
The arrow closely misses you. Sigmund hits you with a +0 scythe.
The centaur shoots an arrow.
The arrow closely misses you.
You hit Sigmund.
Sigmund is lightly wounded.
The centaur shoots an arrow.
You block the arrow. Sigmund closely misses you.
The centaur shoots an arrow.
The arrow hits you.
* * * LOW HITPOINT WARNING * * *
Aiming: Polymorph
Press: ? - help, Shift-Dir - straight line, f - centaur
Aim: a centaur, wielding a +0 shortbow (will become a boggart, a hobgoblin, or a hound, chance to affect: 50%)
The centaur resists with significant effort.
The centaur shoots an arrow.
The arrow misses you.
Aiming: Polymorph
Press: ? - help, Shift-Dir - straight line, f/p - centaur
Aim: a centaur, wielding a +0 shortbow (will become a boggart, a hobgoblin, or a hound, chance to affect: 50%)
The centaur resists with significant effort.
The centaur shoots an arrow.
The arrow hits you.
* * * LOW HITPOINT WARNING * * *
Sigmund points at you and mumbles some strange words.
You are confused.
The centaur shoots an arrow.
The arrow closely misses you.
You are too confused!
Sigmund misses you.
The centaur shoots an arrow.
The arrow hits you!
You die...

#)##........ # ...
##........... # ...
#............ ####
.... #.###........
...# #..<. #)#
#........ .#.#
#....###+#.#
......... .#
#..........#
.......). ...
#c.......#..#.######
### #)...@...#.. .#
+...@....#.. ..
#...?....#
.............
..#.......###.. #
#.......# .
#.......# .........


You could see Sigmund and a centaur.

Vanquished Creatures
  3 gnolls (D:3)
  4 adders
  2 worms
  5 dart slugs
  2 orcs (D:4)
  5 endoplasms (D:1)
  7 hobgoblins
  15 jackals
  4 kobolds
  3 quokkas
  5 ball pythons
  2 bats (D:3)
  3 frilled lizards
  4 goblins
  9 rats
73 creatures vanquished.

Notes
Turn   | Place    | Note
-------+----------+-------------------------------------------
     0 | D:1      | IdlyInterested the Demonspawn Fighter began the quest for
                  | the Orb.
     0 | D:1      | Reached XP level 1. HP: 18/18 MP: 1/1
   163 | D:1      | Reached skill level 1 in Dodging
   163 | D:1      | Gained mutation: You have large cloven feet. [demonic
                  | ancestry]
   163 | D:1      | Reached XP level 2. HP: 24/24 MP: 2/2
   283 | D:1      | Reached skill level 1 in Stealth
   345 | D:1      | Gained mutation: You are surrounded by a mild repulsion
                  | field. (EV +2) [demonic ancestry]
   345 | D:1      | Reached XP level 3. HP: 27/29 MP: 3/3
   664 | D:2      | Reached skill level 1 in Throwing
  1093 | D:2      | Found a faded altar of an unknown god.
  1187 | D:2      | Reached skill level 1 in Evocations
  1187 | D:2      | Reached XP level 4. HP: 32/35 MP: 4/4
  1506 | D:3      | Upgraded the game from 0.30-a0-728-gc68057be0a to
                  | 0.30-a0-737-gf23d94013f
  1809 | D:3      | Reached XP level 5. HP: 30/41 MP: 5/5
  1886 | D:3      | HP: 1/41 [gnoll/+2 flail of protection (6)]
  1891 | D:3      | HP: 1/41 [gnoll/+2 flail of protection (6)]
  2085 | D:3      | Found a hide-covered altar of Uskayaw.
  2312 | D:4      | Noticed Sigmund
  2313 | D:4      | Noticed a centaur
  2321 | D:4      | Shot with an arrow by a centaur

Illustrated notes

Levels and vault maps discovered:
D:1:      amcnicky_arrival_underground_garden, layout_rooms, minmay_distorted
D:2:      layout_loops_ring, basic_altar, shapermc_ecumenical_altar_hornbeckon
D:3:      layout_rooms, lemuel_doored_altar
D:4:      kennysheep_big_flooded_room, layout_basic,
          amethyst_overflow_temple_binary, uniq_sigmund

Skill      XL: |  1  2  3  4 |
---------------+-------------+-----
Short Blades   | 2 3 |  3.6
Dodging        | 1 2 |  2.0
Stealth        | 1 |  1.3
Throwing       | 1 |  1.0
Evocations     | 1 |  1.0
Fighting       | |  3.0
Armour         | |  2.6
Shields        | |  2.6

Action                     |  1- 3 |  4- 6 || total
---------------------------+-------+-------++-------
  Melee: Rapier            |   145 |   108 ||   253
         Kick              |    25 |    26 ||    51
  Throw: Boomerang         |       |     7 ||     7
  Evoke: Wand              |       |     2 ||     2
    Use: Scroll            |     5 |     4 ||     9
         Potion            |       |     3 ||     3
 Armour: Scale mail        |    55 |    38 ||    93
         Skin              |       |     1 ||     1
  Dodge: Dodged            |    69 |    70 ||   139
  Block: Buckler           |    41 |    24 ||    65

Table legend: (Time is in decaauts)
 A = Elapsed time spent in this place.
 B = Non-inter-level travel time spent in this place.
 C = Inter-level travel time spent in this place.
 D = Time resting spent in this place.
 E = Time spent auto-exploring this place.
 F = Levels seen in this place.
 G = Mean time per level.
                   A        B        C        D        E       F      G
               +--------+--------+--------+--------+--------+-----+--------+
         Total |   2364 |   2184 |    180 |    256 |   1028 |   4 |  591.0 |
       Dungeon |   2364 |   2184 |    180 |    256 |   1028 |   4 |  591.0 |
               +--------+--------+--------+--------+--------+-----+--------+

Top non-repeatable levels by time:
     D:3: 848 daAuts
     D:2: 739 daAuts
     D:1: 721 daAuts
     D:4: 54 daAuts
